 Seeded DCSS version 0.30.1-11-g7821555f0a (webtiles) character file.

Game seed: 12630017096831723299 (custom seed)

52 Average the Slasher (level 3, -4/27 HPs)
             Began as a Demonspawn Gladiator on Nov 8, 2023.
             Slain by Grinder (6 damage)
             ... while paralysed by Grinder
             ... on level 3 of the Dungeon.
             The game lasted 00:02:44 (1551 turns).

Average the Slasher (Demonspawn Gladiator)          Turns: 1551, Time: 00:02:45

Health: -4/27      AC:  4    Str: 14    XL:     3   Next: 60%
Magic:  3/3        EV:  2    Int:  9    God:
Gold:   123        SH:  0    Dex: 16    Spells: 2/2 levels left

rFire   . . .        a - +0 long sword
rCold   . . .        (no shield)
rNeg    . . .        b - +0 leather armour
rPois   .            c - +0 helmet
rElec   .            (no cloak)
rCorr   .            (no gloves)
SInv    .            (no boots)
Will    .....        (no amulet)
Stlth   +            (no ring)
HPRegen 0.24/turn    (no ring)
MPRegen 0.08/turn

%: no passive effects
@: paralysed
A: hooves 1
a: no special abilities


You were on level 3 of the Dungeon.
You visited 1 branch of the dungeon, and saw 3 of its levels.

You collected 123 gold pieces.

Inventory:

Hand Weapons
 a - a +0 long sword (weapon)
Missiles
 d - 3 throwing nets (quivered)
 e - a javelin
Armour
 b - a +0 leather armour (worn)
 c - a +0 helmet (worn)
Scrolls
 g - a scroll of identify {unknown}
 i - a scroll of fog {unknown}
 j - a scroll of teleportation
 k - 3 scrolls of magic mapping {unknown}
Potions
 f - a potion of curing {unknown}
 h - a potion of ambrosia {unknown}
 l - a potion of magic {unknown}


   Skills:
 + Level 2.2 Fighting
 * Level 3.4 Long Blades
 - Level 1.7 Throwing
 * Level 0.9 Armour
 * Level 3.0 Dodging
 * Level 0.8 Stealth


You had 2 spell levels left.
You didn't know any spells.
Your spell library was empty.

Dungeon Overview and Level Annotations

Branches:
Dungeon (3/15)

Altars:

Annotations:
D:3 Grinder


Innate Abilities, Weirdness & Mutations

You have large cloven feet.


Message History

You now have 123 gold pieces (gained 12).
Found a rapier.
Found a spear.
You see here a +0 spear.
Found an escape hatch in the ceiling.
Grinder comes into view.
Grinder shouts!
Grinder is nearby!
Grinder is nearby!
Grinder hits you but does no damage.
You hit Grinder. You kick Grinder, but do no damage.
Grinder is lightly wounded.
Grinder closely misses you.
You hit Grinder.
Grinder is lightly wounded.
Grinder gestures at you.
You suddenly lose the ability to move!
Grinder hits you. Grinder hits you but does no damage.
You can move again.
You barely miss Grinder.
Grinder is lightly wounded.
Grinder closely misses you.
You closely miss Grinder.
Grinder is lightly wounded.
Grinder hits you!
You writhe in agony.
Grinder barely misses you.
You closely miss Grinder.
Grinder is lightly wounded.
Grinder gestures at you.
You shrug off the repeated paralysis!
You hit Grinder. You kick Grinder.
Grinder is lightly wounded.
Grinder gestures at you.
You suddenly lose the ability to move!
Grinder hits you!
* * * LOW HITPOINT WARNING * * *
You writhe in agony.
* * * LOW HITPOINT WARNING * * *
Grinder hits you.
You die...

...# #.# .#.# #.# #.
.#.# #.# #. .#.# #.#
#. .#.# #.# #. )#.#
#.# #. ...###.# #.##
.......# #.5#
.#.##### #@# .#.# #.#
.#.## #.#
....########## #.#
###..........###.#
#.######.......#
#.)........########
#..................
###.##.........<.....


You could see Grinder.

Vanquished Creatures
  A worm (D:2)
  A dart slug (D:1)
  6 ball pythons
  A bat (D:1)
  2 endoplasms (D:1)
  3 giant cockroaches
  4 goblins
  2 hobgoblins
  4 jackals (D:2)
  3 quokkas (D:1)
  3 frilled lizards
  4 kobolds
  12 rats (D:1)
46 creatures vanquished.

Notes
Turn   | Place    | Note
-------+----------+-------------------------------------------
     0 | D:1      | Average the Demonspawn Gladiator began the quest for the
                  | Orb.
     0 | D:1      | Reached XP level 1. HP: 16/16 MP: 1/1
   117 | D:1      | Gained mutation: You have large cloven feet. [demonic
                  | ancestry]
   117 | D:1      | Reached XP level 2. HP: 22/22 MP: 2/2
   570 | D:1      | Reached XP level 3. HP: 27/27 MP: 3/3
  1538 | D:3      | Noticed Grinder
  1543 | D:3      | Paralysed by Grinder for 3 turns
  1549 | D:3      | Paralysed by Grinder for 4 turns
  1551 | D:3      | Slain by Grinder

Illustrated notes

Levels and vault maps discovered:
D:1:      scummos_arrival_forest, layout_loops_ring, serial_forest,
          infiniplex_forest_clump_long, infiniplex_forest_straight_4,
          infiniplex_forest_lined_2, infiniplex_forest_clump_long,
          infiniplex_forest_lined_room_3, infiniplex_forest_diagonal,
          infiniplex_forest_clump_diagonal, minmay_rat_gold_closets
D:2:      layout_loops_ring, kennysheep_generic_room_10
D:3:      layout_loops_ring, mainiacjoe_overflow_catwalk, minitemple,
          shapermc_ecumenical_altar_mp_urbaneastern, uniq_grinder

Skill      XL: |  1  2 |
---------------+-------+-----
Long Blades    | 3 |  3.4
Dodging        | 3 |  3.0
Fighting       | |  2.2
Throwing       | |  1.7
Armour         | |  0.9
Stealth        | |  0.8

Action                     || total
---------------------------++-------
  Melee: Long sword        ||    88
         Kick              ||    11
    Use: Scroll            ||     1
   Stab: Sleeping          ||     7
 Armour: Leather armour    ||    35
  Dodge: Dodged            ||    59
